 Dungeon Crawl Stone Soup version 0.25.0-26-g0c896c7088 (webtiles) character file.

Game seed: 8258665829088094053

72 Exodus22XD the Poker (level 4, -1/33 HPs)
             Began as a Demonspawn Gladiator on July 4, 2020.
             Was a Believer of Uskayaw.
             Slain by Natasha (4 damage)
             ... on level 3 of the Dungeon.
             The game lasted 00:02:42 (2060 turns).

Exodus22XD the Poker (Demonspawn Gladiator)         Turns: 2060, Time: 00:02:43

Health: -1/33      AC:  4    Str: 15    XL:     4   Next: 6%
Magic:  4/4        EV: 13    Int: 10    God:    Uskayaw [**....]
Gold:   54         SH:  0    Dex: 14    Spells: 3/3 levels left

rFire    . . .     SeeInvis .   a - +0 trident
rCold    . . .     Gourm    .   (no shield)
rNeg     . . .     Faith    .   b - +0 leather armour
rPois    .         Spirit   .   c - +0 helmet
rElec    .         Reflect  .   (no cloak)
rCorr    .         Harm     .   (no gloves)
MR       .....                  (no boots)
Stlth    +.........             (no amulet)
HPRegen  0.11/turn              (no ring)
MPRegen  0.09/turn              (no ring)

@: no status effects
A: claws 2
a: Stomp, Line Pass, Renounce Religion


You were on level 3 of the Dungeon.
You worshipped Uskayaw.
Uskayaw was noncommittal.
You were not hungry.

You visited 1 branch of the dungeon, and saw 3 of its levels.

You collected 54 gold pieces.

Inventory:

Hand Weapons
 a - a +0 trident (weapon)
Missiles
 d - 3 throwing nets (quivered)
Armour
 b - a +0 leather armour (worn)
 c - a +0 helmet (worn)
Scrolls
 e - 2 scrolls of teleportation {unknown}
 g - a scroll of amnesia {unknown}
 i - 2 scrolls of noise {unknown}
 l - 2 scrolls of magic mapping {unknown}
 m - a scroll of remove curse {unknown}
 n - a scroll of enchant armour {unknown}
 o - a scroll of identify {unknown}
 q - a scroll of immolation {unknown}
 r - a scroll of blinking {unknown}
 s - a scroll of fear {unknown}
Potions
 h - a potion of brilliance {unknown}
 j - 2 potions of flight {unknown}
 k - 2 potions of heal wounds {unknown}
 p - a potion of stabbing {unknown}
Comestibles
 f - 5 rations


   Skills:
 + Level 2.1 Fighting
 + Level 3.5 Polearms
 - Level 1.7 Throwing
 + Level 0.6 Armour
 + Level 3.3 Dodging
 * Level 0.6 Unarmed Combat
 * Level 0.7 Invocations


You had 3 spell levels left.
You didn't know any spells.
Your spell library was empty.

Dungeon Overview and Level Annotations

Branches:
Dungeon (3/15)

Altars:
Dithmenos
Kikubaaqudgha
Nemelex Xobeh
Okawaru
Sif Muna
Trog
Uskayaw
Wu Jian
Yredelemnul
Zin

Annotations:
D:3 Natasha


Innate Abilities, Weirdness & Mutations

You have very sharp fingernails.


Message History

You can now pass through a line of other dancers.
Attack whom?
Press: ? - help, Dir - move target cursor, f/p - Natasha
Aim: Natasha (heavily wounded)
You hit Natasha.
Natasha is severely wounded.
The jackal barely misses you. Natasha claws you!
* * * LOW HITPOINT WARNING * * *
The jackal bites you.
* * * LOW HITPOINT WARNING * * *
Okay, then.
Attack whom?
Press: ? - help, Dir - move target cursor, f/p - Natasha
Aim: Natasha (severely wounded)
Your leather armour prevents you from hitting Natasha.
Natasha is severely wounded.
The jackal bites you.
* * * LOW HITPOINT WARNING * * *
Natasha claws you.
You die...

##########
.........############
.......#.##.........#
######.#.........##.#
#.####.####@#
#.....รท..5hh#
##.###..##rh# .#
#..##.5.. .# #..##.##
.# #..##. .# #..##.
#..... ####


You could see Natasha, 2 white imps, 2 jackals and a rat.

Vanquished Creatures
  An adder (D:2)
  3 oozes (D:3)
  2 worms
  A leopard gecko (D:1)
  A giant cockroach (D:1)
  10 goblins
  3 hobgoblins
  2 quokkas (D:2)
  6 bats
  A frilled lizard (D:3)
  6 kobolds
  7 rats
43 creatures vanquished.

Notes
Turn   | Place    | Note
-------+----------+-------------------------------------------
     0 | D:1      | Exodus22XD the Demonspawn Gladiator began the quest for the
                  | Orb.
     0 | D:1      | Reached XP level 1. HP: 16/16 MP: 1/1
   127 | D:1      | Gained mutation: You have sharp fingernails. [demonic
                  | ancestry]
   127 | D:1      | Reached XP level 2. HP: 17/22 MP: 2/2
   879 | D:2      | Reached XP level 3. HP: 9/27 MP: 3/3
  1284 | D:2      | Found an ornate altar of the Wu Jian Council.
  1290 | D:2      | Found a sparkling altar of Nemelex Xobeh.
  1291 | D:2      | Found an iron altar of Okawaru.
  1291 | D:2      | Found a bloodstained altar of Trog.
  1291 | D:2      | Found a shadowy altar of Dithmenos.
  1294 | D:2      | Found a hide-covered altar of Uskayaw.
  1295 | D:2      | Found a shimmering blue altar of Sif Muna.
  1298 | D:2      | Became a worshipper of Uskayaw the Reveler
  1300 | D:2      | Found a basalt altar of Yredelemnul.
  1399 | D:2      | Reached * piety under Uskayaw
  1485 | D:2      | Reached ** piety under Uskayaw
  1571 | D:2      | Found a glowing silver altar of Zin.
  1571 | D:2      | Found an ancient bone altar of Kikubaaqudgha.
  1753 | D:3      | Gained mutation: You have very sharp fingernails. [demonic
                  | ancestry]
  1753 | D:3      | Reached XP level 4. HP: 10/33 MP: 4/4
  2049 | D:3      | Noticed Natasha
  2060 | D:3      | Slain by Natasha

Illustrated notes

Levels and vault maps discovered:
D:1:      beargit_arrival_greenhouse, layout_basic, minmay_misc_feat_five
D:2:      layout_rooms, minitemple, gammafunk_temple_overflow_wave
D:3:      layout_loops_ring, chequers_serial_rivers_micro_a, xom_redecorated,
          uniq_natasha

Skill      XL: |  1  2 |
---------------+-------+-----
Polearms       | 3 |  3.5
Dodging        | 3 |  3.3
Fighting       | |  2.1
Throwing       | |  1.7
Armour         | |  0.6
Unarmed Combat | |  0.6
Invocations    | |  0.7

Action                   |  1- 3 |  4- 6 || total
-------------------------+-------+-------++-------
Melee: Trident           |   143 |    23 ||   166
  Eat: Chunk             |     3 |     1 ||     4
Armor: Leather armour    |    26 |    12 ||    38
Dodge: Dodged            |    87 |    22 ||   109
